 Dungeon Crawl Stone Soup version 0.19.1 (webtiles) character file.

52 empire the Shield-Bearer (level 3, -1/31 HPs)
             Began as a Minotaur Fighter on Dec 13, 2016.
             Slain by a gnoll
             ... wielding a +0 halberd
              (12 damage)
             ... on level 2 of the Dungeon.
             The game lasted 00:02:31 (1126 turns).

empire the Shield-Bearer (Minotaur Fighter)         Turns: 1126, Time: 00:02:32

Health: -1/31      AC: 12    Str: 21    XL:     3   Next: 60%
Magic:  2/2        EV:  7    Int:  5    God:
Gold:   39         SH:  9    Dex:  9    Spells: 0 memorised, 2 levels left

rFire  . . .     SeeInvis .     a - +0 long sword
rCold  . . .     Gourm    .     b - +0 scale mail
rNeg   . . .     Faith    .     c - +0 shield
rPois  .         Spirit   .     (helmet restricted)
rElec  .         Reflect  .     (no cloak)
rCorr  .         Harm     .     (no gloves)
MR     .....                    (no boots)
Stlth  ..........               (no amulet)
                                g - +5 ring of protection
                                e - ring of loudness (curse)

@: no status effects
A: retaliatory headbutt, horns 2
a: no special abilities


You were on level 2 of the Dungeon.
You were not hungry.

You visited 1 branch of the dungeon, and saw 2 of its levels.

You collected 39 gold pieces.

Inventory:

Hand Weapons
 a - a +0 long sword (weapon)
 k - a +2 dagger of venom
Missiles
 n - 63 arrows
 u - 24 bolts
Armour
 b - a +0 scale mail (worn)
 c - a +0 shield (worn)
Jewellery
 e - a cursed ring of loudness (left hand)
 g - a +5 ring of protection (right hand)
 p - an uncursed ring of magical power
Scrolls
 h - 2 scrolls of identify
 o - a scroll of fog {unknown}
 r - 2 scrolls of teleportation {unknown}
 t - a scroll of remove curse {unknown}
 v - a scroll of noise {unknown}
Potions
 d - a potion of might
 l - a potion of degeneration {unknown}
 s - a potion of flight {unknown}
Comestibles
 f - 2 bread rations
 i - a chunk of flesh
 j - a slice of pizza
 m - 3 fruits
 q - 2 meat rations


   Skills:
 - Level 3.6 Fighting
 + Level 3.5 Long Blades
 + Level 4.1 Armour
 + Level 4.4 Shields


You had 2 spell levels left.
You didn't know any spells.

Dungeon Overview and Level Annotations

Branches:
Dungeon (2/15)

Altars:
The Shining One


Innate Abilities, Weirdness & Mutations

You reflexively headbutt those who attack you in melee.
You have a pair of horns on your head.


Message History

You furiously retaliate!
You headbutt the gnoll.
You riposte.
You slash the gnoll!
You kill the gnoll!
Your Armour skill increases to level 4!
The gnoll hits you with a flail. The gnoll hits you.
The gnoll hits you but does no damage. You block the rat's attack.
The gnoll hits you but does no damage.
You closely miss the gnoll. You headbutt the gnoll.
You kill the gnoll!
The rat bites you but does no damage. You block the gnoll's attack. x2
The rat barely misses you. You furiously retaliate!
You headbutt the rat!
You kill the rat!
The gnoll hits you but does no damage. You block the gnoll's attack.
You see here a gnoll corpse.
You hit the gnoll but do no damage. Your headbutt misses the gnoll.
The gnoll hits you but does no damage. The gnoll barely misses you.
You closely miss the gnoll.
You headbutt the gnoll, but do no damage.
You block the gnoll's attack. The gnoll hits you with a halberd!
You die...

########.....
#..# ####..
#...
###########..
##..#
#............
##...#
#.###########
#####8.%.###.#
#...#.....##.#
#._....g..##.#
#.†@).##.#
#8g...##.#
##....##.#
#....##.#
#...###.#
##..###.#
###...##.#
#....###.#
##..## #.#


You could see 2 gnolls.

Vanquished Creatures
  2 gnolls (D:2)
  2 dart slugs (D:1)
  A leopard gecko (D:1)
  A ball python (D:2)
  A giant cockroach (D:1)
  3 goblins (D:1)
  3 hobgoblins (D:1)
  7 bats
  A frilled lizard (D:1)
  5 kobolds (D:1)
  A rat (D:2)
27 creatures vanquished.

Notes
Turn   | Place    | Note
-------+----------+-------------------------------------------
     0 | D:1      | empire the Minotaur Fighter began the quest for the Orb.
     0 | D:1      | Reached XP level 1. HP: 19/19 MP: 0/0
    22 | D:1      | Noticed an electric eel
   223 | D:1      | Reached XP level 2. HP: 21/26 MP: 1/1
   921 | D:2      | Reached XP level 3. HP: 31/31 MP: 2/2
  1117 | D:2      | Found a glowing golden altar of the Shining One.
  1126 | D:2      | Slain by a gnoll

Skill      XL: |  1  2  3 |
---------------+----------+-----
Long Blades    | 3 |  3.5
Shields        | 4 |  4.4
Armour         | 4 |  4.1
Fighting       | |  3.6

Action                   || total
-------------------------++-------
Melee: Long sword        ||    77
       Headbutt          ||    10
  Use: Potion            ||     3
       Scroll            ||     1
  Eat: Chunk             ||     1
Armor: Scale mail        ||    43
       Skin              ||     9
Dodge: Dodged            ||    30
Block: Shield            ||    60
       Rpst.: Long sword ||     6
